 Dungeon Crawl Stone Soup version 0.31-a0-237-g2d982f9f85 (webtiles) character file.

Game seed: 9188737752154759937

114 qw the Shooter (level 4, 0/36 HPs)
             Began as a Minotaur Hexslinger on July 11, 2023.
             Slain by an orc
             ... wielding a +0 short sword
              (1 damage)
             ... on level 4 of the Dungeon.
             The game lasted 00:00:22 (857 turns).

qw the Shooter (Minotaur Hexslinger)                 Turns: 857, Time: 00:00:22

Health: 0/36       AC:  3    Str: 13    XL:     4   Next: 66%
Magic:  4/4        EV: 12    Int: 10    God:
Gold:   58         SH:  0    Dex: 14    Spells: 4/5 levels left

rFire   . . .        b - +0 arbalest
rCold   . . .        (shield currently unavailable)
rNeg    . . .        j - +0 leather armour
rPois   .            (helmet restricted)
rElec   .            (no cloak)
rCorr   .            (no gloves)
SInv    +            (no boots)
Will    .....        (no amulet)
Stlth   +            g - ring of see invisible
HPRegen 0.26/turn    (no ring)
MPRegen 0.09/turn

%: no passive effects
@: lethally poisoned (0 -> -6)
A: horns 2, retaliatory headbutt
a: no special abilities


You were on level 4 of the Dungeon.
You visited 1 branch of the dungeon, and saw 3 of its levels.

You collected 58 gold pieces.


Innate Abilities, Weirdness & Mutations

You have a pair of horns on your head.
You reflexively headbutt those who attack you in melee.


   Skills:
 + Level 2.0 Fighting
 - Level 5.2 Ranged Weapons
 - Level 2.1 Dodging
 - Level 1.0 Spellcasting
 - Level 2.0 Hexes


You had 4 spell levels left.
You knew the following spells:

 Your Spells              Type           Power      Damage    Failure   Level
a - Slow                  Hex            16%        N/A       19%         1

Your spell library contained the following spells:

 Spells                   Type           Power      Damage    Failure   Level
 Inner Flame              Hex/Fire       2%         N/A       65%         3
 Portal Projectile        Hex/Tloc       4%         N/A       65%         3
 Cause Fear               Hex            2%         N/A       88%         4

Inventory:

Hand Weapons
 b - a +0 arbalest (weapon)
 Y - a +1 sling
Armour
 j - a +0 leather armour (worn)
Jewellery
 g - a ring of see invisible (left hand)
Potions
 a - 3 potions of mutation {unknown}
 e - a potion of resistance {unknown}
 f - a potion of berserk rage {unknown}
 h - 2 potions of curing {unknown}

Dungeon Overview and Level Annotations

Branches:
Dungeon (4/15)
 Temple: D:4-7

Altars:

Shops:
D:1 [?*?


Message History

You shoot a bolt. The bolt barely misses the hound.
The hound bites you. The jackal barely misses you. You furiously retaliate!
You headbutt the jackal. The adder bites you. The hound closely misses you.
The jackal completely misses you. The adder bites you but does no damage.
The hound closely misses you.
An orc comes into view. It is wielding a +0 dagger.
You shoot a bolt. The bolt barely misses the hound.
The orc shouts!
You hear a shout!
The jackal bites you. The adder bites you. The hound bites you.
The jackal closely misses you. The adder barely misses you.
The hound bites you but does no damage.
The orc wizard gestures wildly while chanting.
The orc wizard flickers and vanishes for a moment.
The jackal closely misses you. You furiously retaliate!
You headbutt the jackal. The adder bites you but does no damage.
The hound bites you.
You shoot a bolt. The bolt closely misses the hound.
The hound closely misses you. The jackal misses you. You furiously retaliate!
You headbutt the jackal, but do no damage.
The adder bites you but does no damage. The hound closely misses you.
The jackal bites you but does no damage.
The adder closely misses you.
You shoot a bolt. The bolt closely misses the hound.
The hound bites you but does no damage.
The jackal bites you but does no damage.
The adder bites you but does no damage. The hound barely misses you.
An orc comes into view. It is wielding a +0 mace of holy wrath.
The jackal bites you. The adder misses you. The hound misses you.
You furiously retaliate!
You headbutt the hound!
You kill the hound!
Your Ranged Weapons skill increases to level 5!
You shoot a bolt. The bolt hits the jackal.
You kill the jackal!
The adder bites you. The adder closely misses you.
You shoot a bolt. The bolt barely misses the adder.
The adder barely misses you. The orc hits you with a +0 short sword.
The adder bites you.
You are lethally poisoned!
The adder poisons you! The orc hits you with a +0 short sword.
You die...

#.######.#
.........#
#.#####..# #.#
#..# #########.##
#..#
#...<......####..#
..#......<.......#
#.#####..#####.# #
#o@# #.# ...oooS.#
#.# .)[####.# .# <
../ .# #%## ## #..
#.. #..


You could see an orc wizard (invisible), an adder and 3 orcs.

Vanquished Creatures
  2 hounds (D:4)
  An iguana (D:4)
  A worm (D:4)
  An orc (D:4)
  3 endoplasms
  A giant cockroach (D:1)
  A goblin (D:1)
  3 jackals (D:4)
  A kobold (D:1)
  2 quokkas (D:1)
  3 ball pythons (D:1)
  2 bats (D:1)
  A frilled lizard (D:1)
  3 rats (D:1)
25 creatures vanquished.

Notes
Turn   | Place    | Note
-------+----------+-------------------------------------------
     0 | D:1      | qw the Minotaur Hexslinger began the quest for the Orb.
     0 | D:1      | Reached XP level 1. HP: 16/16 MP: 1/1
     0 | D:1      | 0 ||| qw: Version: 0.3-a-52-g30416fa
     0 | D:1      | 0 ||| qw: Game counter: 5395
     0 | D:1      | 0 ||| qw: Melee chars always use a shield: true
     0 | D:1      | 0 ||| qw: God list: Okawaru
     0 | D:1      | 0 ||| qw: Allow faded altars: false
     0 | D:1      | 0 ||| qw: Do Orc after clearing Dungeon:15 true
     0 | D:1      | 0 ||| qw: Do second Lair branch before Depths: true
     0 | D:1      | 0 ||| qw: Lair rune preference: random
     0 | D:1      | 0 ||| qw: Goals: Normal
     0 | D:1      | 0 ||| PLANNING D:1-11
   111 | D:1      | Reached skill level 3 in Ranged Weapons
   111 | D:1      | Reached XP level 2. HP: 23/23 MP: 2/2
   145 | D:1      | HP: 4/23 [kobold/+0 dagger (2)]
   257 | D:1      | Found Ogubim's Magic Scroll Shop.
   260 | D:1      | 260 ||| SHOPLISTING 2 scrolls of teleportation (66 gold,
                  | have 13).
   260 | D:1      | 260 ||| SHOPLISTING scroll of acquirement (572 gold, have
                  | 13).
   260 | D:1      | 260 ||| SHOPLISTING scroll of identify (22 gold, have 13).
   260 | D:1      | 260 ||| SHOPLISTING scroll of teleportation (33 gold, have
                  | 13).
   295 | D:1      | Found Ynaduph's Assorted Antiques.
   304 | D:1      | 304 ||| SHOPLISTING leather armour (48 gold, have 13).
   304 | D:1      | 304 ||| SHOPLISTING purple potion (21 gold, have 13).
   304 | D:1      | 304 ||| SHOPLISTING scroll labelled LOIMOH BAME (24 gold,
                  | have 13).
   473 | D:1      | Found Hemuut's Magic Scroll Shop.
   483 | D:1      | 483 ||| SHOPLISTING 2 scrolls of teleportation (84 gold,
                  | have 23).
   483 | D:1      | 483 ||| SHOPLISTING scroll of enchant armour (105 gold,
                  | have 23).
   483 | D:1      | 483 ||| SHOPLISTING scroll of identify (28 gold, have 23).
   536 | D:1      | Found Uckoc's Antique Armour Boutique.
   563 | D:1      | 563 ||| SHOPLISTING ring mail (92 gold, have 23).
   589 | D:1      | 589 ||| UPGRADING to +0 leather armour.
   599 | D:1      | 599 ||| DROPPING +0 robe.
   600 | D:1      | 600 ||| UPGRADING to ring of see invisible.
   601 | D:1      | 601 ||| READING scroll labelled TIGALI FURA.
   602 | D:1      | 602 ||| READING scroll labelled SOAXAR QUBUAZ.
   605 | D:1      | 605 ||| DRINKING 2 lumpy golden potions.
   610 | D:1      | 610 ||| DROPPING scroll of poison.
   611 | D:1      | 611 ||| DROPPING potion of ambrosia.
   630 | D:2      | You fall into a shaft and drop 2 floors!
   631 | D:4      | 631 ||| PLANNING SEWER
   723 | D:4      | Reached skill level 4 in Ranged Weapons
   723 | D:4      | Reached XP level 3. HP: 19/29 MP: 3/3
   844 | D:4      | 844 ||| SWAPPING to +0 arbalest.
   848 | D:4      | Reached XP level 4. HP: 36/36 MP: 4/4
   855 | D:4      | HP: 8/36 [jackal (3)]
   856 | D:4      | Reached skill level 5 in Ranged Weapons
   857 | D:4      | HP: 2/36 [orc/+0 short sword (3)]
   857 | D:4      | Slain by an orc

Levels and vault maps discovered:
D:1:      scummos_arrival_forest, layout_rooms, serial_shops,
          nicolae_shop_rolled_up, nicolae_shop_hallway_stairs,
          nicolae_shop_getting_attention, shop
D:2:      layout_rooms
D:4:      layout_loops_ring, gup_sewer_entry_spiral

Skill      XL: |  1  2  3  4 |
---------------+-------------+-----
Ranged Weapons | 3 4 5 |  5.2
Fighting       | 2 |  2.0
Dodging        | |  2.1
Spellcasting   | |  1.0
Hexes          | |  2.0

Action                     |  1- 3 |  4- 6 || total
---------------------------+-------+-------++-------
   Fire: Sling             |    63 |       ||    63
         Arbalest          |     3 |    10 ||    13
    Use: Scroll            |     2 |       ||     2
         Potion            |     1 |       ||     1
 Armour: Robe              |     5 |       ||     5
         Leather armour    |     1 |    13 ||    14
  Dodge: Dodged            |    13 |    28 ||    41

Table legend:
 A = Non-vault XP
 B = Vault XP
 C = Vault XP percentage of total XP
 D = Non-vault monster count
 E = Vault monster count
 F = Vault count percentage of total count
                 A         B        C        D         E       F
            +---------+---------+-------+---------+---------+-------
      Total |     163 |       0 |   0.0 |      25 |       0 |   0.0
            +---------+---------+-------+---------+---------+-------
        D:1 |      24 |       0 |   0.0 |      16 |       0 |   0.0
        D:4 |     139 |       0 |   0.0 |       9 |       0 |   0.0
            +---------+---------+-------+---------+---------+-------
